 Dungeon Crawl Stone Soup version 0.29.1-15-g9cfb28693d (webtiles) character file.

Game seed: 602798925299848056

6393 Peloso the Carver (level 10, -3/90 HPs)
             Began as a Minotaur Fighter on Apr 24, 2023.
             Was a Priest of Okawaru.
             Slain by an orc warrior
             ... wielding a +0 halberd
              (18 damage)
             ... on level 11 of the Dungeon.
             The game lasted 00:19:07 (11919 turns).

Peloso the Carver (Minotaur Fighter)               Turns: 11919, Time: 00:19:08

Health: -3/90      AC: 19    Str: 23    XL:     10   Next: 66%
Magic:  10/10      EV:  8    Int:  5    God:    Okawaru [***...]
Gold:   765        SH:  5    Dex: 12    Spells: 9/9 levels left

rFire   + . .      SeeInvis .   a - +1 falchion (holy)
rCold   . . .      Faith    .   d - +0 buckler
rNeg    . . .      Spirit   .   K - +1 plate armour {Will+}
rPois   .          Reflect  .   (helmet restricted)
rElec   .          Harm     .   (no cloak)
rCorr   .          Rampage  .   G - +0 pair of gloves
Will    ++...                   B - +0 pair of boots
Stlth   ..........              (no amulet)
HPRegen 0.25/turn               n - ring of the Thistle {Fly rF+}
MPRegen 0.12/turn               N - ring of willpower

@: lethally poisoned (-3 -> -4), flying, slowed, very slow
A: horns 2, retaliatory headbutt
a: Renounce Religion, Heroism


You were on level 11 of the Dungeon.
You worshipped Okawaru.
Okawaru was most pleased with you.
You visited 2 branches of the dungeon, and saw 12 of its levels.

You collected 765 gold pieces.

Inventory:

Hand Weapons
 a - a +1 falchion of holy wrath (weapon)
 b - a +3 long sword
 c - a +3 trident of flaming
Armour
 d - a +0 buckler (worn)
 B - a +0 pair of boots (worn)
 G - a +0 pair of gloves (worn)
 K - a +1 plate armour of willpower (worn)
Jewellery
 j - a +6 ring of intelligence
 n - the ring of the Thistle (left hand) {Fly rF+}
   (You found it on level 2 of the Dungeon)

   [ring of flight]

   rF:        It protects you from fire.
   Fly:       It grants you flight.
 D - a ring of protection from fire
 N - a ring of willpower (right hand)
 P - a ring of poison resistance
Wands
 v - a wand of paralysis (7)
 C - a wand of iceblast (4)
 I - a wand of light (4)
 J - a wand of polymorph (7)
Scrolls
 f - 3 scrolls of teleportation
 i - 4 scrolls of identify
 o - 3 scrolls of butterflies
 p - a scroll of immolation {unknown}
 r - 2 scrolls of enchant armour
 s - a scroll of amnesia
 u - a scroll of summoning
 w - a scroll of blinking
 y - a scroll of brand weapon {unknown}
 E - a scroll of torment {unknown}
 H - a scroll of acquirement {unknown}
 L - 2 scrolls of noise {unknown}
 M - 2 scrolls of fear {unknown}
 O - a scroll of magic mapping
Potions
 e - a potion of mutation
 g - a potion of degeneration {unknown}
 h - a potion of curing
 k - 3 potions of heal wounds
 l - a potion of resistance
 m - 2 potions of attraction {unknown}
 q - 3 potions of brilliance
 t - a potion of magic {unknown}
 x - a potion of invisibility {unknown}
 z - a potion of haste {unknown}
 A - 2 potions of might
 F - a potion of cancellation {unknown}


   Skills:
 + Level 8.9 Fighting
 + Level 11.6 Long Blades
 + Level 11.4 Armour
 + Level 2.8 Dodging
 + Level 1.8 Stealth
 + Level 7.3 Shields
 + Level 1.7 Invocations


You had 9 spell levels left.
You didn't know any spells.
Your spell library contained the following spells:

 Spells                   Type           Power      Damage    Failure   Level
 Beastly Appendage        Tmut           0%         N/A       100%        1
 Magic Dart               Conj           0%         1d3       100%        1
 Ensorcelled Hibernation  Hex/Ice        0%         N/A       100%        2
 Sublimation of Blood     Necr           0%         N/A       100%        2
 Wereblood                Tmut           0%         N/A       100%        2
 Mephitic Cloud           Conj/Pois/Air  0%         N/A       100%        3
 Spider Form              Tmut/Pois      0%         N/A       100%        3
 Anguish                  Hex/Necr       0%         N/A       100%        4
 Passage of Golubria      Tloc           0%         N/A       100%        4
 Petrify                  Tmut/Erth      0%         N/A       100%        4
 Irradiate                Conj/Tmut      0%         3d11      100%        5
 Silence                  Hex/Air        0%         N/A       100%        5
 Lehudib's Crystal Spear  Conj/Erth      0%         10d2      100%        8
 Call Imp                 Summ           Unusable   N/A       N/A         2

Dungeon Overview and Level Annotations

Branches:
Dungeon (11/15)            Temple (1/1) D:7             Orc (0/2) D:11
   Lair: D:8-11

Altars:
Dithmenos
Fedhas
Gozag
Hepliaklqana
Kikubaaqudgha
Makhleb
Okawaru
Qazlal
Ru
Sif Muna
Trog
Uskayaw
Yredelemnul
Zin
The Shining One

Shops:
D:2 (   D:3 [

Annotations:
D:9 2 runed translucent doors, exclusion: orange crystal statue
D:10 2 runed translucent doors, kwasso's ghost, novice DsHu
D:11 Amaemon; Lodul


Innate Abilities, Weirdness & Mutations

You have a pair of horns on your head.
You reflexively headbutt those who attack you in melee.


Message History

Amaemon is moderately wounded.
You feel very sick. The scorpion stings you. You block Amaemon's attack.
Amaemon claws you but does no damage. Amaemon misses you.
The orange demon stings you but does no damage.
Unknown command.
You hit Amaemon but do no damage.
Amaemon is moderately wounded.
Your surroundings suddenly seem different.
An orc priest, 3 orc warriors and 7 orcs come into view.
An orc is wielding a +0 short sword and wearing a +1 leather armour of poison resistance.
An orc is wielding a +0 whip and wearing a +2 ring mail of fire resistance.
Found 18 gold pieces.
You feel like a meek peon again.
You feel sick.
The orc warrior shouts!
The orc shouts! x3; The orc warrior shouts!
The orc priest shouts!
The orc warrior shouts!
The orc shouts! x2
You hear a shout! x2
The orc priest misses you. You block the orc's attack.
The orc barely misses you. You furiously retaliate!
You headbutt the orc, but do no damage. The orc hits you with a +0 dagger.
You block the orc warrior's attack.
You feel very sick. You block the orc priest's attack.
The orc closely misses you. You furiously retaliate!
You headbutt the orc.
The orc warrior hits you with a +0 halberd.
* * * LOW HITPOINT WARNING * * *
The orc hits you but does no damage. The orc attacks as you move away!
The orc hits you but does no damage.
You feel sick. The orc hits you but does no damage.
The orc warrior barely misses you.
An orc comes into view. It is wielding a +0 whip.
The orc warrior hits you with a +0 halberd.
* * * LOW HITPOINT WARNING * * *
The orc hits you but does no damage. The orc hits you with a +0 hand axe.
* * * LOW HITPOINT WARNING * * *
You reach down and open the door.
You feel sick.
The orc shouts!
You hear a shout!
The orc barely misses you. The orc hits you but does no damage.
The orc warrior hits you with a +0 halberd!!
You die...

## ### 8
##.###.## ####
..#...#...#.§§≈#
..o......o#.$§§#
......$ooo'.$>§#
.....ooo.@#
..#..o#ooo# ##
##8 ##8## .####
# ### .....#
.....## .......
....... .......


You could see 3 orc warriors, an orc priest and 8 orcs.

Vanquished Creatures
  Psyche (D:10)
  A shadow (D:10)
  A vampire (D:9)
  12 yaks
  2 vampire mosquitoes (D:10)
  Edmund (D:5)
  2 acid dragons
  A water moccasin (D:5)
  2 orc warriors
  2 ice beasts
  2 ogres (D:10)
  2 sky beasts (D:7)
  A black bear (D:7)
  3 centaurs
  A kobold brigand (D:8)
  A bullfrog (D:6)
  A gnoll sergeant (D:9)
  3 scorpions
  4 necrophages
  10 wights
  4 jellies
  5 killer bees
  6 howler monkeys
  4 hounds
  4 orc priests
  Crazy Yiuf (D:5)
  Natasha (thrice) (D:4)
  Terence (D:2)
  4 orc wizards
  4 adders
  3 gnolls (D:9)
  3 river rats (D:5)
  2 shadow imps
  A white imp (D:5)
  4 worms
  A dart slug (D:4)
  29 orcs
  3 endoplasms
  3 giant cockroaches
  5 goblins
  10 hobgoblins
  9 kobolds
  5 quokkas
  2 ball pythons
  3 bats (D:1)
  3 frilled lizards
  7 rats
182 creatures vanquished.

Vanquished Creatures (others)
  A human (D:4)
  A plant (D:2)
2 creatures vanquished.

Grand Total: 184 creatures vanquished

Notes
Turn   | Place    | Note
-------+----------+-------------------------------------------
     0 | D:1      | Peloso the Minotaur Fighter began the quest for the Orb.
     0 | D:1      | Reached XP level 1. HP: 19/19 MP: 0/0
   175 | D:1      | Reached XP level 2. HP: 11/27 MP: 1/1
   661 | D:1      | Reached XP level 3. HP: 31/33 MP: 2/2
  1044 | D:2      | Found Oqodulaj's Weapon Emporium.
  1134 | D:2      | Found a hazy altar of Hepliaklqana.
  1597 | D:2      | Identified the ring of the Thistle {Fly rF+}
  1684 | D:2      | Noticed Terence
  1693 | D:2      | Killed Terence
  1694 | D:2      | Reached XP level 4. HP: 36/41 MP: 3/3
  1911 | D:3      | Found Optif's Antique Armour Shoppe.
  2311 | D:3      | Found a faded altar of an unknown god.
  2367 | D:3      | Found a glowing silver altar of Zin.
  2729 | D:4      | Reached skill level 1 in Dodging
  2787 | D:4      | Noticed a necrophage
  2798 | D:4      | Killed a necrophage
  2799 | D:4      | Reached XP level 5. HP: 35/47 MP: 4/4
  3035 | D:4      | Found an ancient bone altar of Kikubaaqudgha.
  3035 | D:4      | Noticed a human
  3038 | D:4      | Killed a human
  3216 | D:4      | Reached skill level 5 in Fighting
  3216 | D:4      | Reached skill level 5 in Armour
  3216 | D:4      | Reached XP level 6. HP: 33/56 MP: 5/5
  3719 | D:4      | Noticed Natasha
  3727 | D:4      | Killed Natasha
  3792 | D:4      | Noticed Natasha
  3801 | D:4      | Killed Natasha
  4010 | D:4      | Noticed Natasha
  4021 | D:4      | Killed Natasha
  4022 | D:4      | Reached skill level 1 in Stealth
  4161 | D:5      | Entered Level 5 of the Dungeon
  4173 | D:5      | Noticed an ice beast
  4193 | D:5      | Killed an ice beast
  4194 | D:5      | Reached skill level 5 in Long Blades
  4348 | D:5      | Noticed Edmund
  4355 | D:5      | Noticed a water moccasin
  4364 | D:5      | Killed Edmund
  4365 | D:5      | Reached XP level 7. HP: 19/62 MP: 6/6
  5030 | D:5      | Found a runed translucent door.
  5031 | D:5      | Noticed Crazy Yiuf
  5535 | D:5      | Killed Crazy Yiuf
  5738 | D:6      | Reached XP level 8. HP: 69/70 MP: 7/7
  5762 | D:6      | Reached skill level 5 in Shields
  6774 | D:7      | Found a staircase to the Ecumenical Temple.
  6781 | Temple   | Entered the Ecumenical Temple
  7019 | Temple   | Became a worshipper of Warmaster Okawaru
  7042 | D:7      | Found a shimmering blue altar of Sif Muna.
  7135 | D:7      | Found a stormy altar of Qazlal.
  7246 | D:7      | Found a burning altar of Makhleb.
  7246 | D:7      | Found an opulent altar of Gozag.
  7835 | D:8      | Reached XP level 9. HP: 35/78 MP: 8/8
  8130 | D:8      | Identified the +3 ring mail of Ocauc {Int+4}
  8256 | D:8      | Found a blossoming altar of Fedhas.
  8285 | D:8      | Reached * piety under Okawaru
  8995 | D:9      | Found the +10 tower shield of Ignorance {rN+ Int-4}
  9002 | D:9      | Found a runed translucent door.
  9493 | D:9      | Reached skill level 10 in Armour
  9714 | D:9      | Found a runed translucent door.
  9735 | D:9      | Noticed an orange crystal statue
  9959 | D:10     | Entered Level 10 of the Dungeon
 10003 | D:10     | Noticed Psyche
 10036 | D:9      | Reached skill level 10 in Long Blades
 10210 | D:9      | Reached ** piety under Okawaru
 10218 | D:9      | Reached XP level 10. HP: 62/88 MP: 9/9
 10499 | D:10     | Killed Psyche
 10500 | D:10     | Reached skill level 1 in Invocations
 10855 | D:10     | Found a large runed translucent door.
 10856 | D:10     | Found a large runed translucent door.
 10859 | D:10     | Noticed kwasso's ghost (novice DsHu)
 10914 | D:10     | Reached *** piety under Okawaru
 11546 | D:11     | Noticed Lodul
 11902 | D:11     | Noticed Amaemon
 11902 | D:11     | Noticed an orange demon
 11919 | D:11     | Found a staircase to the Orcish Mines.
 11919 | D:11     | Slain by an orc warrior

Illustrated notes

Levels and vault maps discovered:
D:1:      dpeg_arrival_snail, layout_loops_ring, nicolae_titane
D:2:      layout_rooms, serial_shops, nicolae_shop_bloodbath_and_beyond,
          basic_altar, chequers_big_river, hangedman_abyss_or_decor_lesser_grid,
          uniq_terence
D:3:      layout_basic, zin_scriptorium, chequers_ecumenical_altar_grove,
          serial_shops, shop_statue, chequers_serial_rivers_room_a,
          nicolae_figureground_pulse
D:4:      nicolae_cairo_tiling_large, layout_gridville, tgw_kikubaaqudgha,
          kennysheep_generic_room_6, uniq_natasha
D:5:      layout_basic, lightli_sewer_entry_pipes, dreamdust_wishing_well,
          uniq_crazy_yiuf_cottage, uniq_edmund
D:6:      layout_loops_ring
D:7:      layout_loops_cross, nicolae_overflow_squiral,
          mainiacjoe_overflow_catwalk_spiral, minmay_temple_entry_arrows,
          minivault_24
D:8:      nicolae_cairo_tiling_large_dashed, layout_gridville,
          mainiacjoe_overflow_catwalk, kennysheep_generic_room_4
D:9:      layout_loops_ring, kennysheep_decorative_pillar,
          chequers_guarded_unrand_ignorance
D:10:     layout_roguey, ebering_ghost_disaster_area, uniq_psyche
D:11:     layout_irregular_city, lair_entry_dummy, david_orc_4, uniq_urug,
          uniq_amaemon, uniq_lodul, uniq_fannar
Temple:   eino_wide_crystal_templ

Skill      XL: |  1  2  3  4  5  6  7  8  9 10 |
---------------+-------------------------------+-----
Fighting       | 4 5 6 7 8 |  8.9
Armour         | 4 5 6 7 8 10 11 | 11.4
Shields        | 4 5 6 7 |  7.3
Long Blades    | 3 4 5 6 8 10 11 | 11.6
Dodging        | 1 2 |  2.8
Stealth        | 1 |  1.8
Invocations    | 1 |  1.7

Action                   |  1- 3 |  4- 6 |  7- 9 | 10-12 || total
-------------------------+-------+-------+-------+-------++-------
Melee: Long sword        |   109 |    69 |       |       ||   178
       Headbutt          |    12 |    21 |    84 |    42 ||   159
       Falchion          |       |    72 |   390 |   156 ||   618
Invok: Heroism           |       |       |     6 |     9 ||    15
  Use: Potion            |       |     6 |     3 |     1 ||    10
       Scroll            |       |     6 |     6 |     1 ||    13
Armor: Scale mail        |    36 |       |       |       ||    36
       Chain mail        |    28 |    79 |   135 |       ||   242
       Plate armour      |       |       |    67 |    78 ||   145
Dodge: Dodged            |    43 |    39 |   113 |    48 ||   243
Block: Buckler           |    26 |    29 |    89 |    41 ||   185
